 Dungeon Crawl Stone Soup version 0.30-a0-802-gb92711bcdf (webtiles) character file.

Game seed: 14408303896638607717

65 sircluck the Poker (level 4, -3/38 HPs)
             Began as a Gnoll Reaver on Feb 24, 2023.
             Splashed by a jelly's acid (10 damage)
             ... on level 2 of the Dungeon.
             The game lasted 00:03:09 (1785 turns).

sircluck the Poker (Gnoll Reaver)                   Turns: 1785, Time: 00:03:09

Health: -3/38      AC: -4    Str: 13    XL:     4   Next: 14%
Magic:  11/11      EV: 12    Int: 13    God:
Gold:   141        SH:  0    Dex: 10    Spells: 12/13 levels left

rFire   . . .      SeeInvis .    j - +2 short sword (speed)
rCold   . . .      Faith    .    (no shield)
rNeg    . . .      Spirit   .    b - +0 leather armour
rPois   .          Reflect  .    (no helmet)
rElec   .          Harm     .    (no cloak)
rCorr   .          Rampage  .    (no gloves)
Will    .....                    (no boots)
Stlth   +                        (no amulet)
HPRegen 0.26/turn                (no ring)
MPRegen 0.12/turn                (no ring)

@: corroded
A: fangs 1, strong nose, distributed training
a: no special abilities


You were on level 2 of the Dungeon.
You visited 1 branch of the dungeon, and saw 2 of its levels.

You collected 141 gold pieces.

Inventory:

Hand Weapons
 a - a +0 spear
 j - a +2 short sword of speed (weapon)
 p - a +1 whip of venom
Missiles
 k - 10 stones
Armour
 b - a +0 leather armour (worn)
 n - a +0 pair of gloves
Jewellery
 q - a ring of flight
Scrolls
 c - a scroll of vulnerability {unknown}
 f - a scroll of identify {unknown}
 g - a scroll of fear {unknown}
 h - a scroll of poison {unknown}
 l - 2 scrolls of teleportation {unknown}
 m - a scroll of blinking {unknown}
 o - a scroll of fog {unknown}
Potions
 d - a potion of heal wounds
 e - 3 potions of attraction {unknown}
 i - a potion of curing {unknown}
 r - 2 potions of ambrosia {unknown}


   Skills:
 + Level 4.6 Fighting
 + Level 1.1 Short Blades
 + Level 1.1 Long Blades
 + Level 1.1 Axes
 + Level 1.1 Maces & Flails
 + Level 6.6 Polearms
 + Level 1.1 Staves
 + Level 1.1 Ranged Weapons
 + Level 1.1 Throwing
 + Level 1.1 Armour
 + Level 4.6 Dodging
 + Level 1.1 Stealth
 + Level 1.1 Shields
 + Level 1.1 Unarmed Combat
 + Level 5.0 Spellcasting
 + Level 5.4 Conjurations
 + Level 0.8 Hexes
 + Level 0.8 Summonings
 + Level 0.8 Necromancy
 + Level 0.8 Translocations
 + Level 0.8 Transmutations
 + Level 0.8 Fire Magic
 + Level 0.8 Ice Magic
 + Level 0.8 Air Magic
 + Level 0.8 Earth Magic
 + Level 0.8 Poison Magic
 + Level 1.2 Invocations
 + Level 1.1 Evocations


You had 12 spell levels left.
You knew the following spells:

 Your Spells              Type           Power      Damage    Failure   Level
a - Kiss of Death         Conj/Necr      44%        2d8       6%          1

Your spell library contained the following spells:

 Spells                   Type           Power      Damage    Failure   Level
 Momentum Strike          Conj/Tloc      22%        3d8       10%         2
 Hailstorm                Conj/Ice       11%        3d5       19%         3
 Animate Dead             Necr           5%         N/A       86%         4
 Haunt                    Necr/Summ      2%         N/A       100%        7
 Infestation              Necr           2%         N/A       100%        8


Dungeon Overview and Level Annotations

Branches:
Dungeon (2/15)

Altars:

Shops:
D:1 [


Innate Abilities, Weirdness & Mutations

You have very sharp teeth.
Your uncanny sense of smell can sniff out nearby items.
Your experience applies equally to all skills.


Message History

You kill the endoplasm!
A jelly and 7 endoplasms come into view.
Found three items.
The endoplasm quivers. x4; The jelly quivers.
The endoplasm quivers. x2
There is an open door here.
Things that are here:
a +0 dagger; a kobold corpse The endoplasm freezes you.
You are frozen.
You barely miss the endoplasm. You bite the endoplasm.
The endoplasm is moderately wounded.
The endoplasm freezes you.
You are frozen.
You hit the endoplasm.
You kill the endoplasm!
The jelly hits you.
You are splashed with acid!
Things that are here:
a +0 dagger; a kobold corpse You hit the jelly.
Your hands burn!
The jelly is moderately wounded.
The jelly hits you. The acid corrodes you!
You are splashed with acid!
You hit the jelly but do no damage.
Your hands burn!
The jelly is moderately wounded.
The jelly barely misses you.
You hit the jelly but do no damage.
Your hands burn!
* * * LOW HITPOINT WARNING * * *
You bite the jelly, but do no damage.
The jelly is moderately wounded.
You barely miss the jelly. You bite the jelly.
The jelly is heavily wounded.
The jelly closely misses you.
You completely miss the jelly.
The jelly is heavily wounded.
You hit the jelly.
Your hands burn!
* * * LOW HITPOINT WARNING * * *
The jelly is heavily wounded.
The jelly hits you.
* * * LOW HITPOINT WARNING * * *
The acid corrodes you!
You are splashed with acid!
You die...

#..# ###########....####. #.##
?..÷.....###.#..##.. #.###
.PJP.....# #.##.#..# #...#
..J....J÷# #.#....## ###.#
.J.PJ...J# #.#...... #.#
÷....J.÷.# #...#.... #.#
..÷..J..÷# #..##...# #.#
#######J# ##........
#.###..@JJJ## #.........
#.##.######## #.........
#.###..'....# #.........
#.######....###.........
#..##.......##..#...[...
########.##.......##.##.......
#.....##.##.......##.##.......
#........##.......##.##.....).
#........###.....###.##.##....


You could see a jelly and 3 endoplasms.

Vanquished Creatures
  An adder (D:2)
  8 endoplasms
  A giant cockroach (D:1)
  6 hobgoblins
  2 jackals (D:1)
  9 kobolds
  A quokka (D:2)
  7 ball pythons
  3 bats (D:1)
  A frilled lizard (D:2)
  3 goblins
  8 rats
50 creatures vanquished.

Vanquished Creatures (others)
  14 toadstools (D:2)
14 creatures vanquished.

Grand Total: 64 creatures vanquished

Notes
Turn   | Place    | Note
-------+----------+-------------------------------------------
     0 | D:1      | sircluck the Gnoll Reaver began the quest for the Orb.
     0 | D:1      | Reached XP level 1. HP: 20/20 MP: 6/6
   241 | D:1      | Reached XP level 2. HP: 26/26 MP: 7/7
   632 | D:1      | Found Ucikku's Armour Emporium.
   730 | D:1      | Reached skill level 5 in Spellcasting
   730 | D:1      | Reached XP level 3. HP: 27/31 MP: 7/9
  1122 | D:2      | Reached skill level 1 in Invocations
  1323 | D:2      | Reached skill level 1 in Short Blades
  1323 | D:2      | Reached skill level 1 in Long Blades
  1323 | D:2      | Reached skill level 1 in Axes
  1323 | D:2      | Reached skill level 1 in Maces & Flails
  1323 | D:2      | Reached skill level 1 in Staves
  1323 | D:2      | Reached skill level 1 in Ranged Weapons
  1323 | D:2      | Reached skill level 1 in Throwing
  1323 | D:2      | Reached skill level 1 in Armour
  1323 | D:2      | Reached skill level 1 in Stealth
  1323 | D:2      | Reached skill level 1 in Shields
  1323 | D:2      | Reached skill level 1 in Unarmed Combat
  1323 | D:2      | Reached skill level 1 in Evocations
  1499 | D:2      | Reached XP level 4. HP: 38/38 MP: 11/11
  1785 | D:2      | Splashed by a jelly's acid

Illustrated notes

Levels and vault maps discovered:
D:1:      dpeg_arrival_water_fire, layout_basic, serial_shops,
          nicolae_shop_competitors_out_of_business, hangedman_decor_growths
D:2:      cheibrodos_fertilizer, layout_rooms, minmay_octomino_e4

Skill      XL: |  1  2  3 |
---------------+----------+-----
Spellcasting   | 5 |  5.0
Invocations    | 1 |  1.2
Short Blades   | 1 |  1.1
Long Blades    | 1 |  1.1
Axes           | 1 |  1.1
Maces & Flails | 1 |  1.1
Staves         | 1 |  1.1
Ranged Weapons | 1 |  1.1
Throwing       | 1 |  1.1
Armour         | 1 |  1.1
Stealth        | 1 |  1.1
Shields        | 1 |  1.1
Unarmed Combat | 1 |  1.1
Evocations     | 1 |  1.1
Fighting       | |  4.6
Polearms       | |  6.6
Dodging        | |  4.6
Conjurations   | |  5.4
Hexes          | |  0.8
Summonings     | |  0.8
Necromancy     | |  0.8
Translocations | |  0.8
Transmutations | |  0.8
Fire Magic     | |  0.8
Ice Magic      | |  0.8
Air Magic      | |  0.8
Earth Magic    | |  0.8
Poison Magic   | |  0.8

Action                     |  1- 3 |  4- 6 || total
---------------------------+-------+-------++-------
  Melee: Spear             |    97 |       ||    97
         Bite              |    13 |     3 ||    16
         Punch             |     2 |       ||     2
         Short sword       |    44 |    22 ||    66
    Use: Potion            |     1 |       ||     1
 Armour: Leather armour    |    29 |     4 ||    33
  Dodge: Dodged            |    48 |     3 ||    51

Table legend: (Time is in decaauts)
 A = Elapsed time spent in this place.
 B = Non-inter-level travel time spent in this place.
 C = Inter-level travel time spent in this place.
 D = Time resting spent in this place.
 E = Time spent auto-exploring this place.
 F = Levels seen in this place.
 G = Mean time per level.
                   A        B        C        D        E       F      G
               +--------+--------+--------+--------+--------+-----+--------+
         Total |   1736 |   1586 |    150 |      0 |   1235 |   2 |  868.0 |
       Dungeon |   1736 |   1586 |    150 |      0 |   1235 |   2 |  868.0 |
               +--------+--------+--------+--------+--------+-----+--------+

Top non-repeatable levels by time:
     D:1: 1033 daAuts
     D:2: 703 daAuts
